Map: Odyssey LE

Players

Uncreative - Winner!

  • Race: Zerg Zerg
  • Spawn Location: 11:00

A.I. 1 (Hard)

  • Race: Terran Terran
  • Spawn Location: 5:00

VOD

Have the link to the VOD?

Description

Time

  • Played on: Nov. 24, 2017, 7:38 p.m.
  • Length: 10:13
Show
View Real Time Build Order
Export as new Build Order

Uncreative Zerg - Winner!

Build Orders: Pool First 

Get SALT Encoding   

  12  0:01  Drone  
  13  0:12  Overlord  
  13  0:18  Drone  
  14  0:31  Drone x2  
  16  0:36  Drone  
  17  0:46  Spawning Pool  
  16  0:50  Drone  
  17  1:13  Hatchery  
  17  1:15  Drone  
  17  1:18  Drone  
  17  1:23  Drone  
  19  1:27  Extractor  
  18  1:32  Queen  
  20  1:42  Overlord  
  20  1:44  Drone  
  21  1:55  Drone  
  22  2:04  Drone  
  23  2:19  Drone  
  24  2:25  Drone  
  24  2:27  Drone  
  24  2:29  Queen  
  28  2:43  Drone  
  30  2:44  Drone x2  
  31  2:54  Lair  
  31  3:16  Overlord  
  31  3:17  Overlord  
  31  3:25  Pneumatized Carapace  
  31  3:39  Drone x5  
  31  3:40  Drone  
  37  3:52  Drone x4  
  41  4:08  Zergling x4  
  41  4:09  Zergling x2  
  44  4:19  Lair, Roach Warren  
  44  4:22  Zergling x2  
  44  4:23  Overlord x2  
  44  4:42  Zergling x10  
  44  4:43  Zergling x2  
  50  5:10  Zergling x8  
  50  5:11  Zergling x2  
  50  5:13  Zergling x2  
  50  5:14  Overlord, Zergling x2  
  57  5:34  Zergling x6  
  57  5:35  Zergling x4  
  62  5:50  Spire  
  62  5:53  Evolution Chamber  
  60  6:00  Zergling x8  
  60  6:01  Zergling x2  
  65  6:05  Overlord x3  
  65  6:27  Hatchery  
  65  6:30  Extractor  
  63  6:35  Zergling x12  
  63  6:36  Zergling x12  
  75  6:43  Zerg Melee Weapons Level 1  
  75  6:51  Extractor  
  70  7:01  Zergling x8  
  61  7:25  Zergling x2  
  61  7:26  Zergling x12  
  68  7:39  Metabolic Boost  
  68  7:43  Drone  
  69  7:52  Queen  
  71  8:11  Zergling x2  
  71  8:12  Zergling x14  
  79  8:13  Zergling x2  
  79  8:14  Zergling x6  
  79  8:16  Overlord x2  
  83  8:26  Roach  
  83  8:27  Roach  
  87  8:28  Queen  
  89  8:44  Drone x7  
  92  9:13  Corruptor  
  92  9:14  Corruptor x4  
  98  9:29  Extractor, Drone x3  
Show
View Real Time Build Order
Export as new Build Order

A.I. 1 (Hard) Terran 

Build Orders: MMM Bio 

Get SALT Encoding   

  12  0:00  SCV  
  13  0:13  SCV  
  14  0:19  Supply Depot  
  14  0:25  SCV  
  15  0:40  SCV  
  16  0:45  Barracks  
  16  0:49  Refinery  
  16  0:52  SCV  
  17  1:05  SCV  
  18  1:17  SCV  
  19  1:23  Supply Depot  
  19  1:29  SCV  
  19  1:31  Marine  
  21  1:43  Barracks, Orbital Command  
  21  1:49  Marine  
  21  1:51  Refinery  
  22  2:09  Supply Depot, Barracks Tech Lab  
  22  2:26  Marine  
  23  2:35  Marine  
  24  2:41  Supply Depot  
  24  2:44  Marine  
  25  2:53  Marine  
  26  3:02  Marine  
  27  3:11  Marine  
  28  3:16  Supply Depot, SCV  
  29  3:20  Marine  
  30  3:28  Marine, SCV  
  30  3:30  Engineering Bay  
  32  3:38  Marauder  
  32  3:40  SCV  
  35  3:46  Marine  
  36  3:53  SCV  
  37  3:59  Marine  
  38  4:05  SCV  
  39  4:17  Marauder, SCV  
  42  4:39  Marauder  
  44  5:00  Marauder  
  46  5:21  Marauder  
  48  6:12  Barracks Tech Lab  
  48  6:13  Stimpack, Terran Infantry Weapons Level 1  
  48  6:16  Factory  
  48  6:17  Factory  
  48  6:19  Supply Depot  
  48  6:20  Missile Turret  
  48  6:21  Command Center  
  48  6:22  Missile Turret  
  48  6:26  Barracks  
  48  6:30  Combat Shields  
  48  6:43  Bunker  
  48  6:47  Supply Depot  
  48  6:56  Marine  
  40  7:05  Marine, Factory Tech Lab x2, Starport  
  30  7:12  Starport  
  30  7:14  Marine  
  29  7:22  Marine  
  30  7:31  Marine  
  30  7:33  SCV  
  30  7:35  SCV  
  33  7:39  Marine  
  33  7:41  Refinery  
  33  7:43  Missile Turret  
  34  7:44  Missile Turret  
  34  7:45  SCV  
  34  7:46  Starport Tech Lab, Refinery  
  34  7:47  SCV  
  34  7:48  Marine  
  34  7:49  Starport Tech Lab  
  37  7:53  Sensor Tower  
  37  7:57  Marine, SCV  
  39  7:59  SCV  
  39  8:04  Raven  
  39  8:05  Marine, Bunker  
  42  8:07  Terran Infantry Armor Level 1, Raven  
  42  8:09  SCV  
  42  8:11  SCV  
  47  8:14  Marauder  
  49  8:22  SCV  
  49  8:23  Marauder, SCV  
  49  8:25  Armory  
  53  8:29  Barracks Reactor  
  53  8:34  SCV  
  54  8:35  SCV  
  54  8:36  Marauder  
  54  8:37  Concussive Shells  
  54  8:40  Siege Tank  
  60  8:46  SCV  
  60  8:47  SCV  
  60  8:48  Widow Mine  
  64  8:58  SCV  
  64  8:59  SCV  
  63  9:10  SCV  
  63  9:11  SCV  
  63  9:12  Siege Tank  
  63  9:15  Marine  
  57  9:23  Marine, SCV  
  58  9:29  SCV  
  53  9:32  Marine  
  53  9:36  SCV  
  47  9:41  Marine  
  47  9:42  SCV  
  40  9:48  SCV  
  40  9:49  Marine  
  34  9:54  SCV  
Tags
 
Composition
MMM Bio
Matchup
TvZ
Opening
Pool First
Spawn Locations
Cross Positions
Add a new tag
Caveats
  • Supply blocks, unpowered buildings, or Contaminate may cause inaccurate times.
  • Supply counts are checked every 10 seconds.